Map: Acropolis LE

Players

DoctorWho - Winner!

  • Race: Protoss Protoss
  • League: Master
  • Spawn Location: 5:00

Mez

  • Race: Terran Terran
  • League: Master
  • Spawn Location: 11:00

VOD

Have the link to the VOD?

Description

Time

  • Played on: July 28, 2019, 1:21 a.m.
  • Length: 16:36
Show
View Real Time Build Order
Export as new Build Order

DoctorWho Protoss - Winner!

Build Orders: 1 Gate Expand, Blink Stalkers 

Get SALT Encoding   

  12  0:00  Probe  
  13  0:13  Probe  
  14  0:16  Pylon  
  14  0:24  Probe  
  15  0:32  Probe  
  15  0:37  Gateway  
  15  0:40  Probe  
  16  0:47  Assimilator  
  17  0:51  Probe  
  18  1:04  Probe  
  19  1:16  Probe  
  20  1:25  Nexus  
  20  1:35  Cybernetics Core  
  20  1:40  Assimilator  
  20  1:44  Probe  
  21  1:51  Pylon  
  21  1:54  Probe  
  22  2:02  Probe  
  22  2:04  Adept  
  23  2:14  Warp Gate  
  25  2:18  Probe  
  25  2:25  Stalker, Twilight Council  
  25  2:30  Probe  
  28  2:43  Probe x2, Blink  
  30  2:53  Stalker  
  30  2:55  Probe x2  
  34  3:21  Probe x2  
  36  3:27  Robotics Facility  
  36  3:29  Gateway  
  36  3:30  Gateway  
  36  3:34  Stalker  
  38  3:42  Probe  
  38  3:43  Probe  
  40  3:49  Pylon  
  40  3:52  Assimilator  
  40  3:54  Probe  
  40  3:55  Probe  
  42  4:06  Probe  
  42  4:07  Probe  
  44  4:14  Probe  
  44  4:15  Observer, Pylon  
  45  4:18  Stalker  
  45  4:19  Probe  
  49  4:24  Stalker  
  49  4:28  Stalker  
  53  4:31  Probe x2  
  53  4:34  Pylon  
  53  4:35  Pylon  
  55  4:42  Warp Prism  
  57  4:48  Probe x2  
  57  4:52  Stalker  
  61  4:58  Stalker x2  
  65  5:15  Nexus  
  65  5:19  Pylon  
  65  5:21  Charge  
  65  5:24  Stalker x2  
  65  5:25  Observer  
  65  5:28  Stalker  
  72  5:39  Observer, Pylon  
  72  5:40  Pylon  
  72  5:45  Gateway  
  72  5:47  Gateway  
  72  5:56  Gateway  
  72  5:58  Forge  
  72  6:11  Probe x2  
  72  6:14  Assimilator  
  72  6:15  Stalker x3  
  79  6:31  Robotics Bay  
  79  6:32  Probe x2, Gateway  
  81  6:33  Probe  
  81  6:34  Pylon  
  81  6:36  Observer  
  83  6:44  Protoss Ground Weapons Level 1  
  83  6:52  Zealot x4  
  83  6:53  Zealot  
  93  7:15  Zealot x4  
  99  7:17  Zealot  
  99  7:18  Zealot  
  105  7:26  Probe x3  
  98  7:41  Probe x3, Colossus  
  98  7:43  Assimilator  
  99  7:45  Assimilator  
  99  7:47  Pylon  
  99  7:49  Pylon  
  97  7:51  Pylon  
  97  8:05  Zealot x3  
  97  8:06  Zealot x3  
  109  8:18  Probe x3  
  108  8:26  Protoss Ground Weapons Level 2  
  104  8:29  Colossus  
  104  8:30  Probe x3  
  95  8:46  Sentry x7, Gateway  
  95  8:48  Gateway  
  109  8:50  Gateway  
  109  8:53  Pylon  
  103  9:09  Observer  
  103  9:14  Probe x3, Colossus  
  106  9:18  Extended Thermal Lance  
  106  9:21  Stalker x6  
  106  9:24  Stalker  
  126  9:38  Nexus  
  126  9:41  Pylon  
  126  9:55  Zealot x2, Sentry x2  
  126  9:56  Zealot x4  
  126  9:59  Zealot  
  144  10:00  Zealot  
  144  10:05  Templar Archives  
  144  10:23  Stalker x3  
  144  10:24  Stalker x3  
  144  10:26  Zealot  
  144  10:27  Zealot, Psionic Storm  
  160  10:30  Observer  
  161  10:48  Observer  
  161  10:52  High Templar x2  
  161  10:53  High Templar, Zealot x3  
  161  10:54  High Templar  
  174  10:58  Archon x2  
  174  11:03  Zealot x3  
  180  11:08  Protoss Ground Weapons Level 3  
  164  11:25  Stalker x3  
  164  11:26  Stalker x5  
  164  11:31  Assimilator  
  180  11:35  Assimilator  
  180  11:38  Pylon  
  180  11:39  Pylon  
  180  11:41  Pylon  
  180  11:43  Pylon  
  172  12:04  Gravitic Drive  
  178  12:34  Warp Prism  
  178  12:36  Observer  
  168  12:53  Dark Shrine  
  168  12:54  High Templar x3  
  168  12:55  High Templar x4  
  182  13:04  Warp Prism  
  172  14:06  Zealot x7  
  172  14:07  Zealot x3  
  190  14:13  Protoss Ground Armor Level 1  
  188  14:18  Colossus  
  188  14:19  Shadow Stride  
  146  14:33  Zealot x9  
  146  14:34  Zealot  
  138  14:49  Gateway x2  
  138  14:51  Gateway  
  138  14:52  Gateway  
  130  14:59  Dark Templar x2  
  122  15:00  Dark Templar x8  
  122  15:03  Colossus  
  126  15:15  Nexus  
  126  15:18  Pylon  
  126  15:20  Pylon  
  126  15:36  Zealot x3  
  126  15:37  Zealot x6  
  126  15:38  Zealot  
  125  16:02  Dark Templar x6  
  125  16:03  Dark Templar x5  
  153  16:07  Zealot x3  
  159  16:29  Stalker x2  
  151  16:33  Zealot  
Show
View Real Time Build Order
Export as new Build Order

Mez Terran 

Build Orders: Reaper Expand 

Get SALT Encoding   

  12  0:00  SCV  
  13  0:12  SCV  
  14  0:17  Supply Depot  
  14  0:24  SCV  
  15  0:38  SCV  
  15  0:40  Barracks  
  16  0:44  Refinery  
  16  0:50  SCV  
  17  1:02  SCV  
  18  1:15  SCV  
  19  1:27  Reaper, Orbital Command  
  20  1:41  Command Center  
  20  1:53  Barracks  
  20  1:57  SCV  
  20  2:00  Barracks Reactor  
  21  2:18  SCV  
  21  2:20  Barracks  
  22  2:25  Supply Depot  
  22  2:31  SCV  
  23  2:37  Engineering Bay  
  23  2:42  Barracks Tech Lab  
  23  2:46  Marine x2  
  23  2:47  SCV  
  26  2:55  Orbital Command  
  26  3:01  Combat Shield  
  26  3:02  Marine  
  26  3:05  Marine x2  
  29  3:08  Marine  
  29  3:19  SCV  
  29  3:23  Marine x3  
  32  3:30  Missile Turret  
  32  3:31  Terran Infantry Weapons Level 1  
  32  3:32  SCV  
  33  3:35  Marine  
  33  3:36  SCV  
  34  3:42  Marine x2  
  34  3:44  SCV, Marine  
  38  3:49  SCV, Supply Depot  
  39  3:56  SCV  
  39  4:01  SCV  
  41  4:06  Marine x4  
  41  4:08  SCV  
  46  4:13  SCV, Supply Depot  
  47  4:20  SCV  
  47  4:21  Stimpack  
  48  4:25  SCV  
  49  4:32  SCV  
  49  4:34  Factory  
  49  4:36  Refinery x2  
  49  4:38  SCV  
  51  4:43  Command Center  
  51  4:46  SCV  
  51  4:50  SCV  
  53  4:59  SCV  
  54  5:02  SCV  
  54  5:04  Supply Depot  
  54  5:06  Barracks Tech Lab  
  55  5:08  Marine x2, Marauder  
  55  5:11  SCV  
  60  5:14  SCV  
  60  5:23  Bunker  
  60  5:25  Starport, Factory Reactor  
  60  5:27  Marauder  
  60  5:28  Concussive Shells, Marine x2  
  64  5:31  SCV x2, Supply Depot  
  65  5:44  Barracks  
  65  5:45  Barracks  
  65  5:49  Marine  
  69  5:50  Marauder x2  
  69  5:52  SCV, Marine  
  69  5:53  SCV  
  73  5:58  Orbital Command  
  73  6:07  SCV  
  73  6:08  SCV  
  74  6:13  Medivac  
  74  6:14  Medivac  
  74  6:15  Marine x2  
  74  6:16  Marauder x2  
  83  6:21  Refinery, Supply Depot  
  82  6:28  SCV x2  
  82  6:30  Supply Depot  
  84  6:33  Marine  
  85  6:47  Medivac x2  
  85  6:48  SCV x2  
  85  6:49  Marauder x2  
  95  7:00  Barracks Reactor, Barracks Tech Lab  
  95  7:01  Marine x2  
  97  7:10  Marauder  
  96  7:31  Marine x2, Marauder x2  
  96  7:32  Marauder  
  99  7:39  Marine x2  
  100  7:48  Orbital Command  
  100  7:49  Marine x2  
  93  7:53  Marauder x3  
  93  7:55  Medivac x2  
  93  7:57  Marine x2  
  105  8:04  Terran Infantry Armor Level 1  
  105  8:06  Armory  
  105  8:07  Marine  
  105  8:09  Engineering Bay  
  104  8:14  SCV x3, Marauder  
  104  8:15  Marauder  
  103  8:21  Marine x2, Marauder  
  103  8:26  SCV x2  
  95  8:36  Marauder  
  95  8:37  Marine, Orbital Command  
  95  8:38  Marine, Marauder  
  99  8:42  Marauder  
  99  8:43  Marine x2  
  103  8:54  Supply Depot  
  102  8:55  Marine, Supply Depot  
  103  9:04  SCV  
  103  9:05  Missile Turret, SCV x2  
  103  9:06  Missile Turret  
  106  9:17  SCV x2  
  107  9:18  Terran Infantry Weapons Level 2  
  107  9:20  SCV  
  109  9:25  Marauder x3  
  109  9:29  SCV  
  109  9:31  Missile Turret  
  116  9:35  Missile Turret  
  116  9:41  Missile Turret  
  116  9:42  Missile Turret, Marine x4  
  120  9:46  SCV x2, Marauder  
  120  9:50  Supply Depot  
  124  9:56  Supply Depot x2  
  124  9:59  Marine  
  124  10:00  Terran Infantry Armor Level 2  
  124  10:05  Command Center  
  125  10:11  SCV x2, Marine x2  
  125  10:12  Marauder x3  
  133  10:17  SCV, Marine x2  
  136  10:23  SCV  
  137  10:29  Marine x2  
  137  10:30  Medivac x2  
  137  10:32  SCV x2, Barracks  
  137  10:33  Barracks, Marauder x2  
  137  10:34  Barracks  
  149  10:36  Supply Depot  
  149  10:37  Supply Depot  
  149  10:38  Supply Depot  
  149  10:47  SCV  
  149  10:48  Marine x3, Marauder  
  155  10:54  Marauder  
  157  11:00  Medivac x2  
  161  11:11  Marine, Marauder x2  
  165  11:16  Marauder  
  118  11:28  Refinery  
  118  11:30  Medivac  
  118  11:31  Marine x2  
  118  11:32  Marine, Marauder  
  125  11:34  Barracks Reactor, Barracks Tech Lab  
  125  11:35  Barracks Tech Lab  
  125  11:41  Ghost Academy  
  122  12:01  Marine x5, Marauder x3  
  121  12:03  Medivac  
  128  12:15  Marine x2, Marauder  
  132  12:19  Marine  
  132  12:20  Marine x3, Marauder, Medivac  
  138  12:42  Ghost x2  
  138  12:43  Marine, Marauder  
  138  12:44  Marine x3, Marauder  
  136  12:47  Refinery  
  138  12:59  Command Center, Marine, Marauder  
  141  13:09  Orbital Command  
  141  13:12  Marine x2  
  142  13:13  Marauder x2  
  142  13:14  Marine x3  
  142  13:15  Marauder x2  
  142  13:16  Marine  
  151  13:20  Marine  
  150  13:30  Marine x2  
  154  13:34  Marauder x2  
  154  13:42  Marine x3, Marauder x2  
  157  13:54  Marine x3, Marauder  
  164  13:55  Marauder  
  125  14:29  Marine, Marauder  
  102  14:35  Marine x3, Marauder  
  102  14:36  Marine, Marauder  
  95  14:44  Marine  
  83  14:47  Marine, Orbital Command  
  83  14:50  Marine  
  76  14:53  Marine x2  
  76  14:54  Marine  
  76  14:56  Marine x2  
  71  15:02  Marine  
  71  15:04  Marine  
  73  15:08  Marine  
  73  15:11  Marine  
  75  15:16  Marine x3  
  78  15:33  Orbital Command  
Tags
 
Add a new tag
Caveats
  • Supply blocks, unpowered buildings, or Contaminate may cause inaccurate times.
  • Supply counts are checked every 10 seconds.